 Dungeon Crawl Stone Soup version 0.29-a0-266-gf56f883ddd (webtiles) character file.

Game seed: 2190255372184706651

4 enile the Cudgeller (level 1, 0/17 HPs)
             Began as a Demigod Wanderer on Mar 6, 2022.
             Slain by a jackal (1 damage)
             ... on level 1 of the Dungeon.
             The game lasted 00:00:09 (47 turns).

enile the Cudgeller (Demigod Wanderer)                Turns: 47, Time: 00:00:10

Health: 0/17       AC:  2    Str: 12    XL:     1   Next: 40%
Magic:  3/3        EV: 10    Int: 13    God:
Gold:   12         SH:  4    Dex: 15    Spells: 0/0 levels left

rFire   . . .      SeeInvis .   a - +2 mace
rCold   . . .      Faith    .   c - +0 buckler
rNeg    . . .      Spirit   .   e - +0 robe
rPois   .          Reflect  .   (no helmet)
rElec   .          Harm     .   (no cloak)
rCorr   .          Rampage  .   (no gloves)
Will    .....                   (no boots)
Stlth   +.........              (no amulet)
HPRegen 0.05/turn               (no ring)
MPRegen 0.08/turn               (no ring)

@: no status effects
A: high MP 1, forlorn, divine attributes
a: no special abilities


You were on level 1 of the Dungeon.
You visited 1 branch of the dungeon, and saw 1 of its levels.

You collected 12 gold pieces.

Inventory:

Hand Weapons
 a - a +2 mace (weapon)
 b - a +0 quarterstaff
Armour
 c - a +0 buckler (worn)
 e - a +0 robe (worn)
Potions
 d - a potion of heal wounds
 f - 2 potions of brilliance {unknown}


   Skills:
 + Level 1.8 Fighting
 + Level 2.7(2.9) Maces & Flails
 + Level 1.1(2.1) Staves
 + Level 1.8 Armour
 + Level 1.8 Shields


You couldn't memorise any spells.
You didn't know any spells.
Your spell library was empty.

Dungeon Overview and Level Annotations

Branches:
Dungeon (1/15)


Innate Abilities, Weirdness & Mutations

You have an increased reservoir of magic. (+10% MP)
You shall have no god before yourself.
Your divine heritage dramatically boosts your attributes as you level up.


Message History

You hit the jackal.
The jackal is almost dead.
The jackal bites you. x3; The jackal barely misses you.
You block the jackal's attack. The jackal closely misses you.
You hit the jackal.
You kill the jackal!
The jackal bites you but does no damage. x2
You closely miss the jackal.
The jackal bites you but does no damage.
The jackal bites you. The jackal barely misses you.
You barely miss the jackal. The jackal barely misses you.
You block the jackal's attack. x2
The jackal bites you but does no damage. x3
You sock the jackal!
You kill the jackal!
The jackal bites you. You block the jackal's attack. The ball python bites you.
The ball python grabs you. The ball python constricts you.
You block the jackal's attack. The jackal closely misses you.
You completely miss the ball python. You block the jackal's attack.
The jackal bites you. The ball python bites you.
The ball python constricts you.
The jackal bites you but does no damage.
The jackal bites you. The ball python bites you.
The ball python constricts you.
* * * LOW HITPOINT WARNING * * *
You are too injured to fight recklessly!
You escape the ball python's grasp.
The jackal attacks as you move away! The jackal barely misses you.
The jackal misses you. The jackal bites you.
* * * LOW HITPOINT WARNING * * *
The jackal attacks as you move away! The jackal bites you.
* * * LOW HITPOINT WARNING * * *
The jackal attacks as you move away!
The jackal bites you but does no damage.
You hit the jackal but do no damage. The jackal barely misses you.
The jackal attacks as you move away! The jackal bites you.
* * * LOW HITPOINT WARNING * * *
You see here a ball python corpse.
The jackal bites you.
You die...

..# ##...⌠.........⌠ #. #.#
#.#.........≈..... #
#..#.#.#.#...⌠...........
#.#..#.#.#.+......≈.....≈..
.#.#..#.# ..#...⌠...........
......#.###.#.......[.≈.....
#...J..#.##.(.⌠.........⌠
##...#S#.........⌠...⌠...
#.Jh#.h@.##.............
#...####..####.........#
#.†..........###########
#..............
#.........#.###
#.#.........# #.........###
###.......# #.......#


You could see an endoplasm, a jackal and a ball python.

Vanquished Creatures
  A ball python (D:1)
  2 jackals (D:1)
3 creatures vanquished.

Notes
Turn   | Place    | Note
-------+----------+-------------------------------------------
     0 | D:1      | enile the Demigod Wanderer began the quest for the Orb.
     0 | D:1      | enile set off with the following items: a +2 mace, a +0
                  | quarterstaff, a +0 buckler, a potion of heal wounds, a +0
                  | robe
     0 | D:1      | Reached XP level 1. HP: 17/17 MP: 3/3
    47 | D:1      | Slain by a jackal

Illustrated notes

Levels and vault maps discovered:
D:1:      dpeg_arrival_stone_temple_mockup, layout_basic, lemuel_another_geyser

Action                   || total
-------------------------++-------
Melee: Mace              ||     9
Armor: Robe              ||     8
Dodge: Dodged            ||    12
Block: Buckler           ||     8

Table legend: (Time is in decaauts)
 A = Elapsed time spent in this place.
 B = Non-inter-level travel time spent in this place.
 C = Inter-level travel time spent in this place.
 D = Time resting spent in this place.
 E = Time spent auto-exploring this place.
 F = Levels seen in this place.
 G = Mean time per level.
                   A        B        C        D        E       F      G
               +--------+--------+--------+--------+--------+-----+--------+
         Total |     49 |     49 |      0 |      0 |     22 |   1 |   49.0 |
       Dungeon |     49 |     49 |      0 |      0 |     22 |   1 |   49.0 |
               +--------+--------+--------+--------+--------+-----+--------+

Top non-repeatable levels by time:
     D:1: 49 daAuts
